Map: Eternal Empire LE

Players

Speakthen

  • Race: Terran Terran
  • League: Grandmaster
  • Spawn Location: 1:00

BerryRAWR - Winner!

  • Race: Terran Terran
  • League: Master
  • Spawn Location: 7:00

VOD

Have the link to the VOD?

Description

Time

  • Played on: July 2, 2020, 1:51 a.m.
  • Length: 12:55
Show
View Real Time Build Order
Export as new Build Order

Speakthen Terran 

Build Orders: Liberator Opening 

Get SALT Encoding   

  12  0:00  SCV  
  13  0:12  SCV  
  14  0:18  Supply Depot  
  14  0:25  SCV  
  14  0:28  Refinery  
  15  0:40  SCV  
  16  0:45  Barracks  
  16  0:52  SCV  
  18  1:04  SCV  
  18  1:16  SCV  
  19  1:33  Reaper  
  19  1:34  Bunker  
  19  1:36  Orbital Command  
  19  1:38  Bunker  
  20  1:48  Factory  
  20  1:57  Refinery  
  20  2:01  SCV  
  20  2:05  Marine  
  22  2:11  Supply Depot  
  22  2:19  SCV  
  23  2:32  Marine  
  23  2:39  Hellion  
  23  2:40  SCV  
  26  2:44  Starport  
  26  2:50  Marine  
  27  2:51  Supply Depot  
  27  2:55  SCV  
  28  3:02  Hellion  
  30  3:07  SCV  
  31  3:13  Marine  
  31  3:15  Supply Depot  
  32  3:20  Medivac  
  32  3:23  Hellion  
  37  3:27  SCV  
  37  3:31  Marine  
  38  3:42  Supply Depot  
  38  3:47  Factory Tech Lab  
  38  3:49  Marine  
  39  3:56  Liberator  
  42  4:06  Cyclone  
  45  4:11  Barracks Reactor, Command Center  
  45  4:20  SCV  
  46  4:25  Supply Depot  
  46  4:32  SCV  
  47  4:45  Raven, Factory Tech Lab  
  49  4:54  Marine x2  
  49  4:55  SCV  
  52  5:05  Supply Depot  
  52  5:10  SCV  
  52  5:11  Command Center  
  52  5:13  Siege Tank  
  56  5:22  SCV  
  56  5:24  Marine x2  
  56  5:26  Orbital Command  
  59  5:39  SCV  
  60  5:44  Marine x2  
  60  5:45  Raven  
  62  5:50  Orbital Command  
  62  5:51  SCV  
  62  5:52  Siege Tank  
  63  6:02  Marine x2  
  65  6:08  SCV  
  66  6:11  Refinery  
  65  6:22  Marine x2  
  58  6:40  SCV x2  
  58  6:41  Raven  
  58  6:44  Cyclone, Marine  
  58  6:45  Marine  
  64  6:50  SCV  
  64  6:53  SCV  
  56  7:02  Marine x2  
  56  7:05  Orbital Command  
  55  7:15  SCV  
  50  7:32  SCV x2  
  52  7:38  Cyclone  
  52  7:42  SCV, Refinery  
  52  7:43  Refinery  
  52  7:44  SCV  
  57  7:48  SCV  
  58  8:00  Viking x2, SCV  
  58  8:01  SCV  
  58  8:02  SCV  
  62  8:13  SCV x2  
  62  8:14  SCV  
  65  8:24  Siege Tank  
  65  8:25  SCV x2  
  65  8:26  SCV  
  70  8:37  SCV  
  70  8:38  SCV  
  70  8:39  SCV  
  70  8:41  Viking x2  
  77  8:49  SCV, Stimpack  
  77  8:50  SCV  
  77  8:53  Barracks  
  77  8:54  Barracks  
  79  8:56  SCV  
  80  9:04  Siege Tank  
  83  9:10  SCV  
  83  9:12  SCV  
  83  9:26  SCV  
  83  9:29  Viking  
  79  9:31  SCV  
  79  9:32  SCV  
  79  9:35  Engineering Bay x2  
  77  9:44  Barracks Reactor x2  
  77  9:55  SCV x2  
  77  9:57  Orbital Command  
  80  10:06  Siege Tank  
  82  10:07  Viking x2  
  82  10:10  Terran Infantry Weapons Level 1  
  82  10:13  Terran Infantry Armor Level 1  
  86  10:16  SCV x2  
  88  10:28  SCV x2, Marine x3  
  90  10:29  Marine  
  94  10:42  Missile Turret  
  94  10:44  SCV x2  
  96  10:52  SCV  
  96  10:56  Armory, SCV  
  98  11:03  SCV, Barracks  
  99  11:04  SCV  
  99  11:05  Barracks  
  99  11:08  SCV  
  101  11:11  Refinery  
  101  11:12  Refinery  
  101  11:24  Medivac x2, Marine x3, Siege Tank  
  111  11:31  Marine  
  109  11:47  Marine x4  
  109  11:49  Marine  
  114  11:57  Siege Tank  
  117  12:04  Marine  
  117  12:05  Marine x2  
  117  12:07  Marine  
  121  12:17  Refinery  
  121  12:22  Marine  
  121  12:23  Barracks Reactor, Marine x2  
  121  12:24  Barracks Tech Lab  
  121  12:25  Marine  
  125  12:32  Command Center  
Show
View Real Time Build Order
Export as new Build Order

BerryRAWR Terran - Winner!

Build Orders:  

Get SALT Encoding   

  12  0:01  SCV  
  13  0:13  SCV  
  14  0:18  Supply Depot  
  15  0:31  Refinery  
  14  0:55  Barracks x2  
  14  0:57  SCV  
  15  1:09  SCV  
  16  1:29  SCV  
  17  1:45  Reaper x2  
  17  1:46  Orbital Command  
  18  1:47  Refinery  
  18  2:12  SCV  
  19  2:17  Reaper x2  
  19  2:20  Supply Depot  
  21  2:25  SCV  
  23  2:37  SCV  
  23  2:43  Factory  
  23  2:49  SCV  
  23  2:51  Reaper x2  
  26  3:01  SCV  
  27  3:13  SCV  
  27  3:16  Supply Depot  
  28  3:25  SCV  
  28  3:27  Factory Tech Lab  
  29  3:28  Starport  
  29  3:37  SCV  
  30  3:45  Supply Depot  
  30  3:49  SCV  
  31  4:03  SCV  
  31  4:07  Fusion Core  
  31  4:08  Starport Tech Lab  
  32  4:15  SCV  
  33  4:19  Cyclone  
  36  4:27  SCV  
  36  4:30  Command Center  
  37  4:40  SCV  
  38  4:51  Supply Depot  
  38  4:54  SCV  
  38  4:57  Battlecruiser  
  45  5:05  Supply Depot  
  45  5:06  SCV  
  46  5:16  Cyclone  
  46  5:17  Engineering Bay  
  46  5:19  SCV  
  50  5:32  SCV  
  47  5:50  SCV  
  46  6:04  SCV  
  47  6:12  Orbital Command  
  47  6:13  Command Center  
  47  6:32  SCV  
  45  6:37  Orbital Command  
  45  6:43  Battlecruiser  
  45  6:46  Refinery  
  51  6:48  Refinery  
  51  6:54  SCV  
  52  7:03  Weapon Refit  
  52  7:05  SCV  
  52  7:06  SCV  
  54  7:13  Barracks Reactor  
  54  7:18  SCV x2  
  55  7:30  SCV x2  
  55  7:32  Barracks x2  
  55  7:34  Orbital Command  
  57  7:42  SCV  
  58  7:47  SCV  
  59  7:55  Battlecruiser  
  59  7:56  SCV  
  66  7:59  SCV, Factory Tech Lab  
  67  8:06  SCV  
  67  8:09  SCV  
  67  8:11  SCV  
  70  8:18  SCV  
  71  8:20  Siege Tank  
  71  8:21  SCV, Marine x2  
  71  8:23  SCV, Barracks Tech Lab  
  71  8:24  Barracks Tech Lab  
  78  8:30  SCV  
  78  8:33  SCV  
  80  8:35  SCV  
  80  8:37  Supply Depot  
  80  8:39  Supply Depot  
  80  8:41  Supply Depot  
  81  8:43  SCV  
  81  8:45  SCV  
  81  8:47  SCV  
  84  8:53  Siege Tank  
  84  8:54  Marine x2  
  84  8:55  SCV, Bunker  
  90  8:56  Stimpack  
  90  8:57  SCV  
  90  8:58  Combat Shield  
  90  8:59  SCV, Marine x2  
  94  9:07  SCV  
  94  9:09  SCV  
  96  9:12  Marine x2  
  98  9:17  SCV  
  98  9:19  SCV  
  98  9:23  SCV  
  101  9:26  Siege Tank  
  101  9:30  SCV  
  105  9:31  SCV  
  105  9:34  Engineering Bay  
  106  9:39  Marine x3  
  106  9:44  SCV  
  110  9:47  Marine  
  110  9:52  Supply Depot  
  111  9:54  Supply Depot  
  111  9:55  Terran Infantry Weapons Level 1, Barracks  
  111  9:57  Marine x2  
  111  9:58  Barracks, Siege Tank  
  116  10:00  Terran Infantry Armor Level 1  
  116  10:03  Supply Depot, Marine  
  117  10:12  Refinery  
  117  10:13  Marine  
  117  10:14  SCV, Refinery  
  118  10:22  Starport  
  118  10:23  Armory  
  118  10:26  SCV  
  118  10:27  Barracks Reactor  
  118  10:35  Marine x2  
  118  10:38  SCV  
  118  10:39  SCV x2, Command Center  
  123  10:43  Factory  
  123  10:49  Barracks Reactor  
  123  10:50  Barracks Reactor, SCV  
  123  10:53  Marine x2  
  123  10:56  SCV  
  127  10:59  Supply Depot  
  127  11:00  Supply Depot  
  127  11:02  SCV, Marine  
  127  11:03  Marine  
  130  11:04  Medivac x2  
  130  11:11  Marine x2, Siege Tank  
  134  11:17  Supply Depot  
  139  11:18  Supply Depot  
  139  11:20  Marine  
  139  11:21  Marine  
  141  11:29  Marine x2  
  143  11:38  Marine  
  143  11:39  Marine  
  145  11:47  Marine x2  
  145  11:53  Marine x3  
  144  11:55  Siege Tank  
  146  12:03  Marine x2, Factory Tech Lab  
  146  12:04  Marine x3  
  146  12:05  SCV x2  
  146  12:08  Sensor Tower  
  149  12:17  Command Center  
  149  12:18  Starport Reactor  
  149  12:19  Medivac, Refinery  
  149  12:20  Medivac, Marine x3  
  149  12:21  Marine  
  157  12:23  Refinery  
  157  12:29  SCV x2  
Tags
 
Add a new tag
Caveats
  • Supply blocks, unpowered buildings, or Contaminate may cause inaccurate times.
  • Supply counts are checked every 10 seconds.